 Dungeon Crawl Stone Soup version 0.30-a0-702-gdf48620a09 (webtiles) character file.

Game seed: 7825778604061179761

534 jfcaron the Chopper (level 7, -2/60 HPs)
             Began as a Meteoran Fighter on Jan 22, 2023.
             Slain by an iguana (6 damage)
             ... on level 5 of the Dungeon.
             The game lasted 00:06:25 (1538 turns).

jfcaron the Chopper (Meteoran Fighter)              Turns: 1538, Time: 00:06:26

Health: -2/60      AC: 11    Str: 19    XL:     7   Next: 79%
Magic:  8/8        EV:  9    Int:  9    God:
Gold:   191        SH:  5    Dex: 15    Spells: 6/6 levels left

rFire   x . .      SeeInvis .    a - +0 war axe
rCold   . . .      Faith    .    c - +0 buckler
rNeg    . . .      Spirit   .    b - +0 scale mail
rPois   .          Reflect  .    (no helmet)
rElec   .          Harm     .    p - +0 cloak
rCorr   .          Rampage  .    (no gloves)
Will    .....                    h - +0 pair of boots Stlth
                                 (no amulet)
HPRegen 0.30/turn                (no ring)
MPRegen 0.11/turn                (no ring)

@: silenced (expiring), glowing
A: sense surroundings 1, otherworldly, glowing, explore regen, iridescent scales
1, heat vulnerability 1, MP-powered wands
a: no special abilities


You were on level 5 of the Dungeon.
You visited 1 branch of the dungeon, and saw 5 of its levels.

You collected 191 gold pieces.

Inventory:

Hand Weapons
 a - a +0 war axe (weapon)
 i - a +0 whip of venom
   (You took it off a gnoll on level 2 of the Dungeon)
 l - a +3 dagger
 o - a +1 antimagic sling
   (You found it on level 4 of the Dungeon)
 q - a +2 trident of freezing
   (You took it off an orc on level 4 of the Dungeon)
Missiles
 r - 6 javelins
Armour
 b - a +0 scale mail (worn)
 c - a +0 buckler (worn)
 h - a +0 pair of boots (worn)
 p - a +0 cloak (worn)
Jewellery
 g - a ring of ice
   (You found it on level 4 of the Dungeon)
Wands
 k - a wand of polymorph (9)
Scrolls
 e - 3 scrolls of immolation
Potions
 d - a potion of might
 f - a potion of attraction {unknown}
 j - a potion of resistance
 n - 2 potions of curing {unknown}


   Skills:
 + Level 4.9 Fighting
 * Level 6.1 Axes
 + Level 5.3 Armour
 + Level 5.3 Shields


You had 6 spell levels left.
You didn't know any spells.
Your spell library contained the following spells:

 Spells                   Type           Power      Damage    Failure   Level
 Kiss of Death            Conj/Necr      0%         2d5       83%         1
 Blink                    Tloc           0%         N/A       92%         2
 Confusing Touch          Hex            0%         N/A       99%         3
 Dispel Undead            Necr           0%         3d6       100%        4
 Manifold Assault         Tloc           0%         N/A       100%        4
 Storm Form               Tmut/Air       0%         N/A       100%        7


Dungeon Overview and Level Annotations

Branches:
Dungeon (5/15) Zot: 1390
 Temple: D:4-7

Altars:


Innate Abilities, Weirdness & Mutations

You passively map a small area around you.
You are easily found by Zot.
You glow in the dark.
You regain HP and MP as you explore.
You are partially covered in iridescent scales. (AC +2)
You are vulnerable to heat. (rF-)
You expend magic power (3 MP) to strengthen your wands.


Message History

The gnoll completely misses you.
You hit the iguana.
The iguana is heavily wounded.
You hit the gnoll. You hit the scorpion. You hit the gnoll but do no damage.
The scorpion misses you. The iguana bites you. You block the gnoll's attack.
The gnoll hits you from afar with a +0 halberd.
You block the gnoll's attack. The scorpion barely misses you.
You hit the gnoll.
The gnoll is almost dead.
You hit the scorpion. You closely miss the gnoll. You barely miss the iguana.
The iguana barely misses you.
The gnoll hits you but does no damage. x2
You block the gnoll's attack. The scorpion barely misses you.
The gnoll hits you but does no damage. The iguana closely misses you.
The gnoll barely misses you. You block the gnoll's attack.
You hit the gnoll.
The gnoll is almost dead.
You barely miss the scorpion. You hit the gnoll. You closely miss the iguana.
You block the scorpion's attack. The iguana bites you!
The gnoll hits you but does no damage. You block the gnoll's attack.
The gnoll hits you but does no damage.
The scorpion stings you but does no damage.
You are too injured to fight recklessly!
You hit the iguana.
The iguana is almost dead.
You barely miss the scorpion. You barely miss the gnoll.
You hit the gnoll but do no damage. The iguana bites you!
The gnoll hits you but does no damage.
The gnoll hits you from afar with a +0 halberd!
* * * LOW HITPOINT WARNING * * *
The gnoll hits you with a +0 halberd!
* * * LOW HITPOINT WARNING * * *
The scorpion stings you but does no damage.
You closely miss the iguana.
The iguana is almost dead.
You hit the gnoll.
You kill the gnoll!
You hit the scorpion. You slash the gnoll!
The scorpion stings you but does no damage.
The iguana bites you.
You die...

*,#....,.#*****,*
*,#..###.# *,*******
*,#<...#.# *,*,,,,,*
#.####.#.# *,*,,,,,*
#........#***#*,*,,,,,*
######...##...,,,,,,,,*
#.........**,,,,,*
#gl###....**,,,,,*
#.@.gg....******,*
#.)s#.##.#******,*
*#......#,**,,,,,,*
*./..#..#,**,******
#....#..#,**,*
#..$..,.#,**,*
#.#....,#,**,*
#.#.####*,**,*
**,*,,,,,,,,*,*


You could see a scorpion, an iguana and 3 gnolls.

Vanquished Creatures
  Sigmund (D:3)
  The ghost of Weirdisaac the Chopper, an amateur DrMo (D:4)
  A gnoll bouda (D:2)
  An iguana (D:4)
  An orc wizard (D:3)
  8 gnolls
  2 adders
  A dart slug (D:3)
  10 orcs
  4 endoplasms
  4 giant cockroaches
  5 goblins
  2 hobgoblins (D:4)
  3 jackals (D:1)
  A quokka (D:2)
  6 ball pythons
  5 bats
  A frilled lizard (D:3)
  5 kobolds
  5 rats
67 creatures vanquished.

Notes
Turn   | Place    | Note
-------+----------+-------------------------------------------
     0 | D:1      | jfcaron the Meteoran Fighter began the quest for the Orb.
     0 | D:1      | Reached XP level 1. HP: 19/19 MP: 2/2
    37 | D:1      | Reached XP level 2. HP: 21/26 MP: 3/3
   309 | D:2      | Reached skill level 3 in Axes
   361 | D:2      | Reached XP level 3. HP: 21/31 MP: 4/4
   389 | D:3      | HP: 6/31 [gnoll/+0 whip (2)]
   392 | D:3      | Reached XP level 4. HP: 4/40 MP: 5/5
   496 | D:3      | Noticed Sigmund
   538 | D:2      | Reached skill level 4 in Axes
   538 | D:2      | Reached XP level 5. HP: 27/46 MP: 6/6
   565 | D:2      | You fall into a shaft and drop 1 floor!
   657 | D:3      | Reached XP level 6. HP: 23/52 MP: 7/7
   785 | D:3      | Killed Sigmund
   786 | D:3      | Reached skill level 5 in Axes
   786 | D:3      | Reached skill level 5 in Shields
   786 | D:3      | Reached XP level 7. HP: 33/60 MP: 8/8
   969 | D:4      | Found a runed translucent door.
   969 | D:4      | Noticed Weirdisaac's ghost (amateur DrMo)
  1004 | D:4      | Killed Weirdisaac's ghost
  1005 | D:4      | Reached skill level 5 in Armour
  1018 | D:4      | Gained mutation: You expend magic power (3 MP) to
                  | strengthen your wands. [potion of mutation]
  1018 | D:4      | Gained mutation: You are vulnerable to heat. (rF-) [potion
                  | of mutation]
  1018 | D:4      | Gained mutation: You are partially covered in iridescent
                  | scales. (AC +2) [potion of mutation]
  1277 | D:4      | Reached skill level 6 in Axes
  1515 | D:5      | Entered Level 5 of the Dungeon
  1537 | D:5      | HP: 4/60 [gnoll/+0 halberd (9)]
  1538 | D:5      | Slain by an iguana

Illustrated notes

Levels and vault maps discovered:
D:1:      lightli_arrival_statue_moat, layout_basic
D:2:      layout_basic
D:3:      wander_river, layout_rooms, uniq_sigmund
D:4:      layout_basic, hellmonk_ghost_happy_afterlife, grunt_ministairs_13
D:5:      layout_basic, minmay_ogre_servants

Skill      XL: |  1  2  3  4  5  6  7 |
---------------+----------------------+-----
Axes           | 3 4 5 6 |  6.1
Armour         | 4 5 |  5.3
Shields        | 4 5 |  5.3
Fighting       | 4 |  4.9

Action                   |  1- 3 |  4- 6 |  7- 9 || total
-------------------------+-------+-------+-------++-------
Melee: War axe           |    55 |    80 |    91 ||   226
Throw: Javelin           |       |       |     2 ||     2
Evoke: Wand              |       |     1 |       ||     1
  Use: Potion            |     1 |     1 |     1 ||     3
       Scroll            |       |       |     8 ||     8
Armor: Scale mail        |    36 |    43 |    47 ||   126
Dodge: Dodged            |    30 |    18 |    36 ||    84
Block: Buckler           |    12 |    23 |    33 ||    68

Table legend: (Time is in decaauts)
 A = Elapsed time spent in this place.
 B = Non-inter-level travel time spent in this place.
 C = Inter-level travel time spent in this place.
 D = Time resting spent in this place.
 E = Time spent auto-exploring this place.
 F = Levels seen in this place.
 G = Mean time per level.
                   A        B        C        D        E       F      G
               +--------+--------+--------+--------+--------+-----+--------+
         Total |   1608 |   1541 |     67 |      0 |    766 |   5 |  321.6 |
       Dungeon |   1608 |   1541 |     67 |      0 |    766 |   5 |  321.6 |
               +--------+--------+--------+--------+--------+-----+--------+

Top non-repeatable levels by time:
     D:4: 705 daAuts
     D:3: 353 daAuts
     D:1: 287 daAuts
     D:2: 236 daAuts
     D:5: 25 daAuts

Table legend:
 A = Kills in this place as a percentage of kills in entire the game.
 B = Kills by you in this place as a percentage of kills by you in the entire game.
 C = Kills by friends in this place as a percentage of kills by friends in the entire game.
 D = Other kills in this place as a percentage of other kills in the entire game.
 E = Experience gained in this place as a percentage of experience gained in the entire game.
 F = Experience gained in this place divided by the number of levels of this place that you have seen.
                   A       B       C       D       E      F
               +-------+-------+-------+-------+-------+----------------------
         Total | 100.0 | 100.0 |   N/A |   N/A | 100.0 | 155.6
       Dungeon | 100.0 | 100.0 |   N/A |   N/A | 100.0 | 155.6
               +-------+-------+-------+-------+-------+----------------------
